 Dungeon Crawl Stone Soup version 0.25-a0-927-g39f137c8b7 (webtiles) character file.

Game seed: 11119422457192820698, levelgen mode: deterministic

46 Maedhros the Sneak (level 3, -1/23 HPs)
             Began as an Octopode Artificer on May 3, 2020.
             Killed from afar by Blork the orc (5 damage)
             ... with a magic dart
             ... on level 4 of the Dungeon.
             The game lasted 00:01:22 (837 turns).

Maedhros the Sneak (Octopode Artificer)              Turns: 837, Time: 00:01:23

Health: -1/23      AC:  1    Str: 11    XL:     3   Next: 68%
Magic:  5/5        EV: 13    Int: 13    God:
Gold:   107        SH:  0    Dex: 13    Spells: 2/2 levels left

rFire    . . .     SeeInvis .   a - -3 mace (curse)
rCold    . . .     Gourm    .   (no shield)
rNeg     . . .     Faith    .   (helmet restricted)
rPois    .         Spirit   .   (no amulet)
rElec    .         Reflect  .   k - ring of teleportation (curse)
rCorr    +         Harm     .   l - ring of resist corrosion
MR       .....     Rnd*Tele +   (no ring)
Stlth    +++.......             (no ring)
HPRegen  0.07/turn              (no ring)
MPRegen  0.09/turn              (no ring)
                                (no ring)
                                (no ring)

@: flying
A: almost no armour, stealthy swim, amphibious, 8 rings, constrict 8, camouflage
1, gelatinous body 1
a: no special abilities


You were on level 4 of the Dungeon.
You were not hungry.

You visited 1 branch of the dungeon, and saw 4 of its levels.

You collected 107 gold pieces.

Inventory:

Hand Weapons
 a - a cursed -3 mace (weapon)
 o - a +2 short sword of electrocution
Jewellery
 k - a cursed ring of teleportation (left tentacle)
 l - a ring of resist corrosion (right tentacle)
Wands
 b - a wand of flame (15)
 c - a wand of enslavement (14)
 d - a wand of random effects (15)
Scrolls
 i - 4 scrolls of magic mapping
 j - 3 scrolls of teleportation
Potions
 e - 2 potions of stabbing {unknown}
 g - 2 potions of flight
 h - a potion of heal wounds {unknown}
 m - a potion of lignification {unknown}
 n - a potion of brilliance {unknown}
Comestibles
 f - 2 rations


   Skills:
 - Level 1.0 Fighting
 - Level 1.0 Short Blades
 - Level 2.0 Dodging
 - Level 4.0 Stealth
 + Level 1.8 Unarmed Combat
 - Level 3.2 Evocations


You had 2 spell levels left.
You didn't know any spells.
Your spell library was empty.

Dungeon Overview and Level Annotations

Branches:
Dungeon (4/15)
 Temple: D:4-7

Altars:

Annotations:
D:4 Blork the orc


Innate Abilities, Weirdness & Mutations

You cannot wear most types of armour.
You are very stealthy in the water. (Stealth+)
You are amphibious.
You can wear up to eight rings at the same time.
You can use your tentacles to constrict eight enemies at once.
Your skin changes colour to match your surroundings (Stealth+).
Your rubbery body absorbs attacks. (AC +1, EV +1)


Message History

The helpless Blork the orc fails to defend himself.
You hit Blork the orc but do no damage. You grab Blork the orc.
You constrict Blork the orc, but do no damage.
Blork the orc casts a cantrip, but nothing happens.
You hit Blork the orc.
You squeeze Blork the orc, but do no damage.
Blork the orc is lightly wounded.
You constrict Blork the orc, but do no damage.
Blork the orc hits you with a +3 dire flail of protection!
Ouch! That really hurt!
* * * LOW HITPOINT WARNING * * *
Blork the orc hits you with a +3 dire flail of protection.
* * * LOW HITPOINT WARNING * * *
It was a potion of flight.
You feel very buoyant.
You fly up into the air.
You constrict Blork the orc, but do no damage.
Blork the orc points at you and mumbles some strange words.
The magic dart hits you.
You die...

#...#...# ###
###.....### ..
###.##....#### .#
...........$.####.#
##.#..........##..#
##................#
................>.#
................!.#
#.)#...........#@.#
#..##...##.....#.o#
##.....#####..##....
###. #..###...... ##
....# ..#...)..
###.. .######## ...
. ##


You could see Blork the orc.

Vanquished Creatures
  An adder (D:2)
  2 dart slugs (D:1)
  2 leopard geckos (D:1)
  3 orcs (D:3)
  2 bats
  3 giant cockroaches
  4 hobgoblins
  A frilled lizard (D:2)
  5 goblins
  2 rats
25 creatures vanquished.

Vanquished Creatures (collateral kills)
  An orc (D:3)
1 creature vanquished.

Grand Total: 26 creatures vanquished

Notes
Turn   | Place    | Note
-------+----------+-------------------------------------------
     0 | D:1      | Maedhros the Octopode Artificer began the quest for the
                  | Orb.
     0 | D:1      | Reached XP level 1. HP: 13/13 MP: 3/3
    79 | D:1      | Reached skill level 2 in Stealth
   107 | D:1      | Reached skill level 3 in Stealth
   107 | D:1      | Reached XP level 2. HP: 10/18 MP: 4/4
   393 | D:2      | Reached skill level 4 in Stealth
   420 | D:2      | Reached XP level 3. HP: 16/23 MP: 5/5
   463 | D:2      | Reached skill level 1 in Unarmed Combat
   828 | D:4      | Noticed Blork the orc
   837 | D:4      | Killed from afar by Blork the orc

Levels and vault maps discovered:
D:1:      minmay_arrival_widening_spiral_wide, layout_basic, nrook_campfire,
          st_stairs_14, minmay_misc_feat_rugged, minmay_pentomino_t2
D:2:      layout_loops_cross, tso_metal_star, first_ration, uniq_natasha
D:3:      layout_basic, zin_statuary
D:4:      layout_rooms, kiku_gazebo_pond_becter, lemuel_coloured_pillars_altar,
          hex_tiny, chequers_serial_rivers_marsh, minmay_rat_hole, uniq_duvessa,
          uniq_blork_the_orc

Skill      XL: |  1  2  3 |
---------------+----------+-----
Stealth        | 3 4 |  4.0
Unarmed Combat | 1 |  1.8
Fighting       | |  1.0
Short Blades   | |  1.0
Dodging        | |  2.0
Evocations     | |  3.2

Action                   || total
-------------------------++-------
Melee: Short sword       ||    50
       Constrict         ||    14
       Tentacles         ||     8
       Mace              ||     3
Evoke: Wand              ||     1
  Use: Scroll            ||     2
       Potion            ||     1
 Stab: Sleeping          ||     6
Armor: Skin              ||     4
Dodge: Dodged            ||    16

Table legend:
 A = Non-vault XP
 B = Vault XP
 C = Vault XP percentage of total XP
 D = Non-vault monster count
 E = Vault monster count
 F = Vault count percentage of total count
                 A         B        C        D         E       F
            +---------+---------+-------+---------+---------+-------
      Total |      63 |       4 |   6.0 |      24 |       2 |   7.7
            +---------+---------+-------+---------+---------+-------
        D:1 |      25 |       4 |  13.8 |      10 |       2 |  16.7
        D:2 |      24 |       0 |   0.0 |       8 |       0 |   0.0
        D:3 |      12 |       0 |   0.0 |       5 |       0 |   0.0
        D:4 |       2 |       0 |   0.0 |       1 |       0 |   0.0
            +---------+---------+-------+---------+---------+-------
